Unix NetHack Version 5.0.0-0 post-release - last build May  4 2026 22:22:43 (774f63e81ad911689b3a0859ea89b322d5daca8d,branch:main).

Game began 2026-05-05 10:30:22, ended 2026-05-05 10:52:33.

2459783kj, lawful female human Knight

  -------
   `.....
    ......   #
      ....   #
       ....  #
        ...  #
          .. #
           | #
           `####         #
             # ##############@d##
           ############# #
              ##   ----.-
               #   |.....
               ##  |<...|
                #  |....|
                #  |....|
                #  |....|
                ###-....|
                   ------

2459783kj the Esquire    St:13 Dx:8 Co:13 In:7 Wi:15 Ch:17  Lawful
Dlvl:4  $:39 HP:0(22) Pw:12(12) AC:3  Xp:3 T:1375  Burdened

Latest messages:
 You miss the iguana.
 You are beginning to feel hungry.
 You hit the iguana.
 The iguana just misses!
 The iguana bites!
 You miss the iguana.
 You kill the iguana!
 The newt misses!
 What do you want to eat? [ghju or ?*] u
 This food really hits the spot!
 You finish eating the food ration.
 You miss the newt.
 You hit the newt.
 You miss the newt.
 The newt bites!
 You kill the newt!
 You fall down the stairs.
 The door resists!
 The door resists!
 The door resists!
 The door resists!
 The door opens.
 In what direction? 4
 You kick at empty space.
 You try to move the boulder, but in vain.
 You try to move the boulder, but in vain.
 You try to move the boulder, but in vain.
 You try to move the boulder, but in vain.
 The door resists!
 The door opens.
 You hear someone counting gold coins.
 You hit the little dog.
 The little dog bites!
 The little dog bites!
 You miss the little dog.
 The little dog bites!
 The little dog bites!
 The little dog misses!
 You miss the little dog.
 The little dog bites!
 The little dog misses!
 The little dog just misses!
 The little dog bites!
 The little dog bites!
 You die...
 Do you want your possessions identified? [ynq] (y) n
 Do you want to see your attributes? [ynq] (y) n
 Do you want an account of creatures vanquished? [ynaq] (y) n
 Do you want to see your conduct and achievements? [ynq] (y) n
 Do you want to see the dungeon overview? [ynq] (y) n

Inventory:
 Coins    ('$')
  $ - 39 gold pieces
 Weapons  (')')
  p - a +0 orcish dagger
  k - a +0 aklys
  a - a +1 long sword (weapon in right hand)
  b - a +1 lance (alternate weapon; not wielded)
 Armor    ('[')
  d - an uncursed +0 helmet (being worn)
  f - an uncursed +0 pair of leather gloves (being worn)
  e - an uncursed +0 small shield (being worn)
  c - an uncursed +1 ring mail (being worn)
 Comestibles  ('%')
  j - an uncursed slime mold
  g - 10 uncursed apples
  h - 10 uncursed carrots
  u - 3 uncursed food rations
 Potions  ('!')
  o - 2 uncursed potions of healing

2459783kj the Knight's attributes:

Background:
 You were an Esquire, a level 3 female human Knight.
 You were lawful, on a mission for Lugh
 who was opposed by Brigit (neutral) and Manannan Mac Lir (chaotic).
 You were right-handed.
 You were in the Dungeons of Doom, on level 4.
 You entered the dungeon 1375 turns ago.
 You had 64 experience points, 16 more were needed to attain level 4.

Basics:
 You had 0 out of 22 hit points.
 You had all 12 energy points (spell power).
 Your armor class was 3.
 Your wallet contained 39 zorkmids.
 Autopickup was off.

Final Characteristics:
 Your strength was 13 (peak:17, limit:18/100).
 Your dexterity was 8 (limit:18).
 Your constitution was 13 (limit:18).
 Your intelligence was 7 (limit:18).
 Your wisdom was 15 (limit:18).
 Your charisma was 17 (limit:18).

Final Status:
 You weren't hungry.
 You were burdened; movement was slightly slowed.
 You were wielding a long sword.
 You had basic skill with long sword.

Final Attributes:
 You were devoutly aligned.
 You could jump.
 You were warded.
 You are dead.

Miscellaneous:
 You didn't encounter any bones levels.
 Total elapsed playing time was 22 minutes and 8 seconds.

Major events:
 Turn
    1: 2459783kj the lawful female human Knight entered the dungeon
  985: attained the rank of Esquire (level 3)
 1059: entered the Gnomish Mines
 1375: killed by a little dog

You didn't know any spells.

Skills:
 Fighting Skills
   bare handed combat [Unskilled]
   two weapon combat  [Unskilled]
   riding             [Basic]
 Weapon Skills
   dagger             [Unskilled]
   knife              [Unskilled]
   axe                [Unskilled]
   pick-axe           [Unskilled]
   short sword        [Unskilled]
   broadsword         [Unskilled]
   long sword         [Basic]
   two-handed sword   [Unskilled]
   saber              [Unskilled]
   club               [Unskilled]
   mace               [Unskilled]
   morning star       [Unskilled]
   flail              [Unskilled]
   hammer             [Unskilled]
   polearms           [Unskilled]
   spear              [Unskilled]
   trident            [Unskilled]
   lance              [Basic]
   bow                [Unskilled]
   crossbow           [Unskilled]
 Spellcasting Skills
   attack spells      [Unskilled]
   healing spells     [Unskilled]
   clerical spells    [Unskilled]

Voluntary challenges:
 Character rerolling was not enabled.
 You never genocided any monsters.
 You never polymorphed an object.
 You never changed form.
 You used no wishes.
Achievements:
 You attained the rank of Esquire.
 You entered the Gnomish Mines.

 The Dungeons of Doom: levels 1 to 4
    Level 1:
       An altar, a fountain.
    Level 2:
    Level 3:
       A fountain.
       Stairs down to The Gnomish Mines.
    Level 4: <- You were here.
       Final resting place for
          you, killed by a little dog.
 The Gnomish Mines:
    Level 4:


Vanquished creatures:
  a pony
 an iguana
  a gas spore
  a hobbit
  a cave spider
  2 yellow molds
  a gecko
  4 jackals
  3 foxes
  a goblin
  a sewer rat
  2 grid bugs
  3 lichens
  6 newts
28 creatures vanquished.

No species were genocided or became extinct.

Game over:
                       ----------
                      /          \
                     /    REST    \
                    /      IN      \
                   /     PEACE      \
                  /                  \
                  |    2459783kj     |
                  |      39 Au       |
                  |   killed by a    |
                  |    little dog    |
                  |                  |
                  |                  |
                  |       2026       |
                 *|     *  *  *      | *
        _________)/\\_//(\/(/\)/\//\/|_)_______

Fare thee well 2459783kj the Knight...

You died in The Dungeons of Doom on dungeon level 4 with 442 points,
and 39 pieces of gold, after 1375 moves.
You were level 3 with a maximum of 22 hit points when you died.

